 Dungeon Crawl Stone Soup version 0.31.0-9-g3a7656b989 (webtiles) character file.

Game seed: 17557980438743905580

173 qw the Shooter (level 5, -4/26 HPs)
             Began as a Spriggan Hunter on Feb 2, 2024.
             Slain by a gnoll
             ... wielding a +0 flail
              (10 damage)
             ... on level 3 of the Dungeon.
             The game lasted 00:00:08 (2079 turns).

qw the Shooter (Spriggan Hunter)                    Turns: 2079, Time: 00:00:08

Health: -4/26      AC:  6    Str:  7    XL:     5   Next: 28%
Magic:  6/6        EV: 20    Int: 10    God:
Gold:   125        SH:  0    Dex: 21    Spells: 4/4 levels left

rFire   . . .        a - +0 shortbow
rCold   . . .        (shield currently unavailable)
rNeg    . . .        c - +0 robe
rPois   .            (helmet restricted)
rElec   .            d - scarf {repulsion}
rCorr   +            (gloves unavailable)
SInv    +            (boots unavailable)
Will    .....        (no amulet)
Stlth   ++           b - ring of resist corrosion
HPRegen 0.24/turn    h - +4 ring of protection
MPRegen 0.10/turn

%: repel missiles
@: very quick
A: very small, no large weapons, unfitting armour, see invisible, speed 3
a: no special abilities


You were on level 3 of the Dungeon.
You visited 1 branch of the dungeon, and saw 3 of its levels.

You collected 125 gold pieces.


Innate Abilities, Weirdness & Mutations

You are very small and have problems with some larger weapons.
You are too small for most types of armour.
You have supernaturally acute eyesight. (SInv)
You cover ground extremely quickly. (Speed+++)


   Skills:
 - Level 2.2 Fighting
 + Level 5.4 Ranged Weapons
 - Level 5.0 Dodging
 - Level 1.5 Stealth


You had 4 spell levels left.
You didn't know any spells.
Your spell library was empty.

Inventory:

Hand Weapons
 a - a +0 shortbow (weapon)
Armour
 c - a +0 robe (worn)
 d - a scarf of repulsion (worn)
Jewellery
 b - a ring of resist corrosion (left hand)
 h - a +4 ring of protection (right hand)
 i - a ring of fire
 k - a ring of poison resistance
Scrolls
 j - a scroll of enchant weapon {unknown}
 l - a scroll of amnesia {unknown}
Potions
 e - a potion of enlightenment
 f - a potion of curing
 g - a potion of resistance {unknown}

Dungeon Overview and Level Annotations

Branches:
Dungeon (3/15)

Altars:
Zin

Annotations:
D:3 1 runed translucent door, qw's ghost, amateur SpHu


Message History

The gnoll misses you.
You shoot an arrow. The arrow barely misses the gnoll.
The gnoll hits you but does no damage.
You shoot an arrow. The arrow hits the gnoll.
The gnoll is moderately wounded.
The gnoll misses you.
You shoot an arrow.
The arrow hits the gnoll but does no damage.
The gnoll is moderately wounded.
The gnoll hits you from afar with a +0 spear.
You shoot an arrow. The arrow hits the gnoll.
The gnoll is lightly wounded.
The gnoll barely misses you.
You shoot an arrow. The arrow closely misses the gnoll.
The gnoll barely misses you. The gnoll completely misses you.
You shoot an arrow. The arrow closely misses the gnoll.
The gnoll barely misses you. The gnoll hits you with a +0 flail.
The gnoll closely misses you.
You shoot an arrow. The arrow barely misses the gnoll.
The gnoll barely misses you. The gnoll completely misses you.
The gnoll hits you with a +0 halberd. The gnoll barely misses you.
The gnoll closely misses you. The gnoll hits you with a +0 flail.
You shoot an arrow. The arrow hits the gnoll.
The gnoll is moderately wounded.
The gnoll misses you. The gnoll hits you but does no damage.
The gnoll misses you.
You shoot an arrow. The arrow closely misses the gnoll.
The gnoll closely misses you. The gnoll misses you.
The gnoll hits you but does no damage.
You shoot an arrow. The arrow hits the gnoll!
The gnoll is almost dead.
The gnoll barely misses you. The gnoll closely misses you. x2
You shoot an arrow.
The arrow hits the gnoll but does no damage.
The gnoll is almost dead.
The gnoll hits you but does no damage. The gnoll hits you with a +0 flail.
The gnoll closely misses you.
You shoot an arrow. The arrow completely misses the gnoll.
The gnoll hits you with a +0 halberd. The gnoll hits you with a +0 flail!
You die...

#.# ##+#
#.#.# ##.##
.# #.#..
##.#.## .#
#.# #
##.###.##
[## ##.##
##.#####
..### #.##
##....# ....
##.##
##.###.# g.#
. ##.###.##
#.###g##...#
##.#.##
#...@g.....#
##.##
#####.######
### ... ####


You could see 3 gnolls.

Vanquished Creatures
  Jessica (D:2)
  Natasha (twice) (D:3)
  An orc wizard (D:3)
  A gnoll (D:3)
  2 adders
  A dart slug (D:1)
  4 orcs (D:3)
  3 endoplasms
  A giant cockroach (D:1)
  4 goblins
  2 hobgoblins (D:1)
  2 quokkas
  A ball python (D:3)
  5 bats
  8 frilled lizards
  3 kobolds (D:1)
  3 rats (D:3)
44 creatures vanquished.

Notes
Turn   | Place    | Note
-------+----------+-------------------------------------------
     0 | D:1      | qw the Spriggan Hunter began the quest for the Orb.
     0 | D:1      | Reached XP level 1. HP: 10/10 MP: 2/2
     0 | D:1      | 0 ||| qw: Version: 0.3-a-155-g5e7d8dd
     0 | D:1      | 0 ||| qw: Game counter: 2020
     0 | D:1      | 0 ||| qw: Melee chars always use a shield: true
     0 | D:1      | 0 ||| qw: God list: Okawaru
     0 | D:1      | 0 ||| qw: Allow faded altars: false
     0 | D:1      | 0 ||| qw: Do Orc after clearing Dungeon:15 true
     0 | D:1      | 0 ||| qw: Do second Lair branch before Depths: true
     0 | D:1      | 0 ||| qw: Lair rune preference: random
     0 | D:1      | 0 ||| qw: Goals: Normal
     0 | D:1      | 0 ||| PLANNING D:1-11
    22 | D:1      | 22 ||| UPGRADING to scarf of repulsion.
    54 | D:1      | Reached skill level 3 in Dodging
    69 | D:1      | 69 ||| DROPPING scroll of butterflies.
   181 | D:1      | Reached XP level 2. HP: 14/14 MP: 3/3
   249 | D:1      | Found a faded altar of an unknown god.
   473 | D:1      | 473 ||| UPGRADING to ring of resist corrosion.
   474 | D:1      | 474 ||| DRINKING 2 metallic cyan potions.
   707 | D:1      | 707 ||| DROPPING amulet of magic regeneration.
   708 | D:1      | 708 ||| DRINKING 2 metallic brown potions.
   738 | D:2      | Noticed Jessica
   744 | D:2      | Killed Jessica
   745 | D:2      | Reached XP level 3. HP: 18/18 MP: 4/4
   825 | D:2      | Found a glowing silver altar of Zin.
  1299 | D:2      | 1299 ||| UPGRADING to +4 ring of protection.
  1300 | D:2      | 1300 ||| DROPPING ring of wizardry.
  1301 | D:2      | 1301 ||| READING scroll labelled GOOZIM KIZUON.
  1478 | D:3      | Reached XP level 4. HP: 22/22 MP: 5/5
  1481 | D:3      | 1481 ||| DRINKING 2 potions of curing.
  1481 | D:3      | 1481 ||| (to cure confusion)
  1557 | D:3      | Noticed Natasha
  1563 | D:3      | Killed Natasha
  1696 | D:3      | Noticed Natasha
  1698 | D:3      | 1698 ||| FLEEEEING.
  1699 | D:3      | 1699 ||| FLEEEEING.
  1700 | D:3      | 1700 ||| FLEEEEING.
  1701 | D:3      | 1701 ||| FLEEEEING.
  1703 | D:3      | 1703 ||| FLEEEEING.
  1704 | D:3      | 1704 ||| FLEEEEING.
  1705 | D:3      | 1705 ||| FLEEEEING.
  1706 | D:3      | 1706 ||| FLEEEEING.
  1715 | D:3      | Killed Natasha
  1716 | D:3      | Reached XP level 5. HP: 26/26 MP: 6/6
  2004 | D:3      | Found a runed translucent door.
  2004 | D:3      | Noticed qw's ghost (amateur SpHu)
  2079 | D:3      | HP: 6/26 [gnoll/+0 halberd (3)]
  2079 | D:3      | Slain by a gnoll

Levels and vault maps discovered:
D:1:      dpeg_arrival_tiny_k, layout_rooms,
          shapermc_ecumenical_altar_flowoftime, serial_co_window_serial,
          co_window_paths_b, co_window_of_opportunity_a, co_window_paths_a,
          co_window_corner_a, co_window_paths_b, co_window_broadway_b,
          co_window_broadway_c, co_window_of_opportunity_c,
          co_window_unsneaky_path_c, co_window_broadway_c, glass_columns_b,
          glass_columns_a, glass_columns_a, glass_columns_c, glass_columns_a
D:2:      layout_basic, basic_altar, nicolae_twisty_statue_hallways,
          uniq_jessica
D:3:      layout_loops_corners, gammafunk_ghost_grave, roderic_serpentine_path,
          chequers_mini_garden, uniq_natasha

Skill      XL: |  1  2  3  4 |
---------------+-------------+-----
Dodging        | 3 4 5 |  5.0
Ranged Weapons | 5 |  5.4
Fighting       | 2 |  2.2
Stealth        | |  1.5

Action                     |  1- 3 |  4- 6 || total
---------------------------+-------+-------++-------
   Fire: Shortbow          |    75 |    69 ||   144
    Use: Potion            |     2 |     1 ||     3
         Scroll            |     1 |       ||     1
 Armour: Robe              |     4 |    28 ||    32
  Dodge: Dodged            |    15 |    55 ||    70

Table legend:
 A = Non-vault XP
 B = Vault XP
 C = Vault XP percentage of total XP
 D = Non-vault monster count
 E = Vault monster count
 F = Vault count percentage of total count
                 A         B        C        D         E       F
            +---------+---------+-------+---------+---------+-------
      Total |     175 |      73 |  29.4 |      42 |       2 |   4.5
            +---------+---------+-------+---------+---------+-------
        D:1 |      29 |       0 |   0.0 |      17 |       0 |   0.0
        D:2 |      19 |      37 |  66.1 |       5 |       1 |  16.7
        D:3 |     127 |      36 |  22.1 |      20 |       1 |   4.8
            +---------+---------+-------+---------+---------+-------
